 Dungeon Crawl Stone Soup version 0.23-a0-151-gf6d1ed2 (webtiles) character file.

86 Gildeon the Poker (level 4, -1/35 HPs)
             Began as a Human Fighter on Sept 8, 2018.
             Slain by an orc wizard
             ... wielding a +2 dagger of speed
              (2 damage)
             ... on level 3 of the Dungeon.
             The game lasted 00:06:51 (2298 turns).

Gildeon the Poker (Human Fighter)                   Turns: 2298, Time: 00:06:53

Health: -1/35      AC:  8    Str: 16    XL:     4   Next: 78%
Magic:  4/4        EV: 10    Int: 10    God:
Gold:   56         SH:  0    Dex: 12    Spells: 3/3 levels left

rFire    + . .     SeeInvis .   a - +2 trident
rCold    . . .     Gourm    .   (no shield)
rNeg     . . .     Faith    .   h - +3 ring mail {rF+}
rPois    .         Spirit   .   (no helmet)
rElec    .         Reflect  .   (no cloak)
rCorr    .         Harm     .   (no gloves)
MR       .....                  (no boots)
Stlth    +.........             (no amulet)
HPRegen  0.11/turn              (no ring)
MPRegen  0.09/turn              (no ring)

@: no status effects
A: no striking features
a: no special abilities


You were on level 3 of the Dungeon.
You were hungry.

You visited 1 branch of the dungeon, and saw 3 of its levels.

You collected 56 gold pieces.

Inventory:

Hand Weapons
 a - a +2 trident (weapon)
Armour
 h - a +3 ring mail of fire resistance (worn)
Scrolls
 e - a scroll of remove curse
 g - a scroll of noise {unknown}
Potions
 b - a potion of lignification
 d - a potion of might
 i - a potion of curing
 j - a potion of brilliance {unknown}
Comestibles
 c - 4 chunks of flesh
 f - 5 rations


   Skills:
 - Level 3.0 Fighting
 * Level 4.6 Polearms
 - Level 3.0 Armour
   Level 3.0 Shields


You had 3 spell levels left.
You didn't know any spells.
Your spell library was empty.

Dungeon Overview and Level Annotations

Branches:
Dungeon (3/15)

Altars:


Message History

You kill the kobold!
Something hits you but does no damage.
Attack whom?
Press: ? - help, Dir - move target cursor, f - frilled lizard
Aim: a frilled lizard Something you can't see is in the way.
You puncture something!
Something hits you but does no damage. x2
You barely miss something. Something hits you but does no damage.
Something hits you.
You barely miss something. Something hits you.
Something hits you but does no damage.
You miss something. Something hits you.
* * * LOW HITPOINT WARNING * * *
Something hits you.
* * * LOW HITPOINT WARNING * * *
You barely miss something.
You hear some strange, mumbled words.
A magic dart appears from out of thin air!
The magic dart hits you! Something hits you.
You die...

#
####......###...####
#
#.........)[((......
#
###.......####...###
#.......# ##..# #
#.####### #..### #.#
#...## #.# ##..##
#)# #...# #@# #.#.#
#{# #.#.# #l# #....
#.# ##.#. ... #...
..... ##.. #......
#.. #....... ##.
#........ .########.


You could see a frilled lizard.

Vanquished Creatures
  3 oozes
  A worm (D:2)
  A dart slug (D:1)
  3 leopard geckos
  6 orcs
  2 ball pythons
  5 bats
  A giant cockroach (D:1)
  10 hobgoblins
  A quokka (D:3)
  4 frilled lizards
  6 goblins
  8 kobolds
  3 rats (D:2)
54 creatures vanquished.

Notes
Turn   | Place    | Note
-------+----------+-------------------------------------------
     0 | D:1      | Gildeon the Human Fighter began the quest for the Orb.
     0 | D:1      | Reached XP level 1. HP: 18/18 MP: 1/1
     9 | D:1      | Noticed an electric eel
     9 | D:1      | Noticed an electric eel
   203 | D:1      | Reached XP level 2. HP: 24/24 MP: 2/2
   380 | D:1      | Reached skill level 3 in Polearms
   450 | D:1      | Reached XP level 3. HP: 29/29 MP: 3/3
  1393 | D:2      | Reached skill level 4 in Polearms
  1393 | D:2      | Reached XP level 4. HP: 35/35 MP: 4/4
  2297 | D:3      | HP: 1/35 [something (5)]
  2298 | D:3      | Slain by an orc wizard

Vault maps used:
D:1:      arrival_aquarium_b
D:2:      first_ration, bh_walls_and_bars

Skill      XL: |  1  2  3 |
---------------+----------+-----
Polearms       | 3 4 |  4.6
Fighting       | |  3.0
Armour         | |  3.0
Shields        | |  3.0

Action                   |  1- 3 |  4- 6 || total
-------------------------+-------+-------++-------
Melee: Trident           |   117 |    74 ||   191
  Use: Scroll            |     4 |     3 ||     7
  Eat: Chunk             |     2 |     2 ||     4
Armor: Scale mail        |    34 |       ||    34
       Chain mail        |     9 |    18 ||    27
       Ring mail         |       |    29 ||    29
Dodge: Dodged            |    51 |    34 ||    85

Table legend:
 A = Non-vault XP
 B = Vault XP
 C = Vault XP percentage of total XP
 D = Non-vault monster count
 E = Vault monster count
 F = Vault count percentage of total count
                 A         B        C        D         E       F
            +---------+---------+-------+---------+---------+-------
      Total |     124 |       0 |   0.0 |      54 |       0 |   0.0
            +---------+---------+-------+---------+---------+-------
        D:1 |      48 |       0 |   0.0 |      23 |       0 |   0.0
        D:2 |      31 |       0 |   0.0 |      16 |       0 |   0.0
        D:3 |      45 |       0 |   0.0 |      15 |       0 |   0.0
            +---------+---------+-------+---------+---------+-------
